Workbook
Name \a: [1]PJ!#REF!
Name \b: '[2]CUAD-DIURNA'!#REF!
Name \c: #REF!
Name \L: #REF!
Name \m: #REF!
Name \P: #REF!
Name \q: #REF!
Name \w: #N/A
Name \z: #REF!
Name _: #N/A
Name _________APU221: #REF!
Name _________PJ50: #REF!
Name _________pj51: #REF!
Name _________Rc: #REF!
Name ________APU221: #REF!
Name ________APU465: [3]!absc
Name ________PJ50: #REF!
Name ________pj51: #REF!
Name ________rc: #REF!
Name _______APU221: #REF!
Name _______APU465: [3]!absc
Name _______cua1: '[4]ALCANTARILLADO RAS'!$A$4:$B$14
Name _______DMD1: #REF!
Name _______PJ50: #REF!
Name _______pj51: #REF!
Name _______rc: #REF!
Name _______VPD1: [5]TARIFAS!$C$582
Name _______VPI1: [5]TARIFAS!$C$580
Name _______VRA1: [5]TARIFAS!$C$579
Name ______APU221: #REF!
Name ______APU465: [3]!absc
Name ______cua1: '[4]ALCANTARILLADO RAS'!$A$4:$B$14
Name ______DMD1: #REF!
Name ______INF1: #REF!
Name ______PJ50: #REF!
Name ______pj51: #REF!
Name ______rc: #REF!
Name ______VPD1: [5]TARIFAS!$C$582
Name ______VPI1: [5]TARIFAS!$C$580
Name ______VRA1: [5]TARIFAS!$C$579
Name _____APU221: #REF!
Name _____APU465: [3]!absc
Name _____cua1: '[4]ALCANTARILLADO RAS'!$A$4:$B$14
Name _____DMD1: #REF!
Name _____PJ50: #REF!
Name _____pj51: #REF!
Name _____rc: #REF!
Name _____VPD1: [5]TARIFAS!$C$582
Name _____VPI1: [5]TARIFAS!$C$580
Name _____VRA1: [5]TARIFAS!$C$579
Name ____APU221: #REF!
Name ____APU465: [3]!absc
Name ____cua1: '[4]ALCANTARILLADO RAS'!$A$4:$B$14
Name ____DMD1: #REF!
Name ____EST10: #REF!
Name ____EST12: #REF!
Name ____EST13: #REF!
Name ____EST14: #REF!
Name ____EST15: #REF!
Name ____EST16: #REF!

Sheet Hoja1
C2: FORMATO No. 4 - CALCULO DE PRESUPUESTO
C4: INTERVENTORÍA TÉCNICA, ADMINISTRATIVA, LEGAL, AMBIENTAL Y FINANCIERA PARA LAS OBRAS PRODUCTO DEL CONTRATO DE OBRA CUYO OBJETO ES “CONTRATAR BAJO EL SISTEMA DE PRECIOS UNITARIOS FIJOS SIN FÓRMULA DE REAJUSTE DE LA ADECUACIÓN Y MANTENIMIENTO DE LA SEDE DE LA REGISTRADURÍA MUNICIPAL DE BELÉN (BOYACÁ)
C5: Ítem | D5: DESCRIPCIÓN | E5: UND | F5: DEDICACION | G5: Sueldo y/o valor de referencia | H5: FP de referencia | I5: Cant. | J5: VALOR TOTAL | K5: Sueldo y/o valor OFERTADO | L5: FP OFERTADO | M5: VALOR OFERTADO en pesos
C6: 1 | D6: PERSONAL PROFESIONAL OBLIGATORIO
C7: 1.1 | D7: Director de Interventoria | E7: mes | F7: 0.032 | G7: 4000000 | H7: 1.53 | I7: 3 | J7: =ROUND(F7*G7*H7*I7,0) -> 587520 | L7: ='FP 1'!F43 -> #DIV/0! | M7: =ROUND(F7*K7*L7*I7,0) -> #DIV/0!
C8: 1.2 | D8: Ingeniero o Arquitecto Residente de interventoría | E8: mes | F8: 0.7 | G8: 2300000 | H8: 1.66 | I8: 3 | J8: =ROUND(F8*G8*H8*I8,0) -> 8017800 | L8: ='FP 1'!H43 -> #DIV/0! | M8: =ROUND(F8*K8*L8*I8,0) -> #DIV/0!
C9: 2 | D9: COSTOS ADMINISTRATIVOS NO FACTURABLES | E9: gbl | G9: 876000 | I9: 1 | J9: =ROUND(G9*I9,0) -> 876000 | M9: =ROUND(I9*K9,0) -> 0
C10: 3 | D10: Gastos De Legalización | E10: gbl | G10: 2235260 | I10: 1 | J10: =ROUND(G10*I10,0) -> 2235260 | M10: =ROUND(I10*K10,0) -> 0
C11: 4 | D11: Pólizas | E11: gbl | G11: 88695 | I11: 1 | J11: =ROUND(G11*I11,0) -> 88695 | M11: =ROUND(I11*K11,0) -> 0
C12: 5 | D12: IMPREVISTOS (Calculados sobre la suma de 1+2) | H12: 0.01 | J12: =ROUND(H12*(J7+J8+J9),0) -> 94813 | K12: IIMPREVISTOS (Calculados sobre la suma de 1+2) | M12: =ROUND(L12*(M7+M8+M9),0) -> #DIV/0!
C13: 6 | D13: HONORARIOS (Calculados sobre la suma de 1+2+3+4) | H13: 0.06 | J13: =ROUND(H13*(J7+J8+J9+J10+J11),0) -> 708317 | K13: HONORARIOS (Calculados sobre la suma de 1+2+3+4) | M13: =ROUND(L13*(M7+M8+M9+M10+M11),0) -> #DIV/0!
C14: SUBTOTAL | J14: =ROUND(SUM(J7:J13),0) -> 12608405 | K14: SUBTOTAL | M14: =SUM(M7:M13) -> #DIV/0!
C15: IVA | I15: 0.19 | J15: =ROUND(I15*J14,0) -> 2395597 | K15: IVA | M15: =L15*M14 -> #DIV/0!
C16: TOTAL VALOR INTERVENTORIA DE REFERENCIA | J16: =ROUND(J14+J15,0) -> 15004002 | K16: TOTAL VALOR INTERVENTORIA OFERTADO | M16: =M14+M15 -> #DIV/0!
C18: INTERVENTORÍA TÉCNICA, ADMINISTRATIVA, LEGAL, AMBIENTAL Y FINANCIERA PARA LAS OBRAS PRODUCTO DEL CONTRATO DE OBRA CUYO OBJETO ES “CONTRATAR BAJO EL SISTEMA DE PRECIOS UNITARIOS FIJOS SIN FÓRMULA DE REAJUSTE DE LA ADECUACIÓN Y MANTENIMIENTO DE LA SEDE DE LA REGISTRADURÍA MUNICIPAL DE CHIQUINQUIRÁ (BOYACÁ)
C19: Ítem | D19: DESCRIPCIÓN | E19: UND | F19: DEDICACION | G19: Sueldo y/o valor de referencia | H19: FP de referencia | I19: Cant. | J19: VALOR TOTAL | K19: Sueldo y/o valor OFERTADO | L19: FP OFERTADO | M19: VALOR OFERTADO en pesos
C20: 1 | D20: PERSONAL PROFESIONAL OBLIGATORIO
C21: 1.1 | D21: Director de Interventoria | E21: mes | F21: 0.048 | G21: 4000000 | H21: 1.53 | I21: 3 | J21: =ROUND(F21*G21*H21*I21,0) -> 881280 | K21: =K7 -> 0 | L21: ='FP 1'!F43 -> #DIV/0! | M21: =ROUND(F21*K21*L21*I21,0) -> #DIV/0!
C22: 1.2 | D22: Ingeniero o Arquitecto Residente de interventoría | E22: mes | F22: 0.5 | G22: 2300000 | H22: 1.66 | I22: 3 | J22: =ROUND(F22*G22*H22*I22,0) -> 5727000 | L22: ='FP 1'!J43 -> #DIV/0! | M22: =ROUND(F22*K22*L22*I22,0) -> #DIV/0!
C23: 2 | D23: COSTOS ADMINISTRATIVOS NO FACTURABLES | E23: gbl | G23: 726000 | I23: 1 | J23: =ROUND(G23*I23,0) -> 726000 | M23: =ROUND(I23*K23,0) -> 0
C24: 3 | D24: Gastos De Legalización | E24: gbl | G24: 1852510 | I24: 1 | J24: =ROUND(G24*I24,0) -> 1852510 | M24: =ROUND(I24*K24,0) -> 0
C25: 4 | D25: Pólizas | E25: gbl | G25: 73508 | I25: 1 | J25: =ROUND(G25*I25,0) -> 73508 | M25: =ROUND(I25*K25,0) -> 0
C26: 5 | D26: IMPREVISTOS (Calculados sobre la suma de 1+2) | H26: 0.01 | J26: =ROUND(H26*(J21+J22+J23),0) -> 73343 | K26: IIMPREVISTOS (Calculados sobre la suma de 1+2) | M26: =ROUND(L26*(M21+M22+M23),0) -> #DIV/0!
C27: 6 | D27: HONORARIOS (Calculados sobre la suma de 1+2+3+4) | H27: 0.06 | J27: =ROUND(H27*(J21+J22+J23+J24+J25),0) -> 555618 | K27: HONORARIOS (Calculados sobre la suma de 1+2+3+4) | M27: =ROUND(L27*(M21+M22+M23+M24+M25),0) -> #DIV/0!
C28: SUBTOTAL | J28: =ROUND(SUM(J21:J27),0) -> 9889259 | K28: SUBTOTAL | M28: =SUM(M21:M27) -> #DIV/0!
C29: IVA | I29: 0.19 | J29: =ROUND(I29*J28,0) -> 1878959 | K29: IVA | M29: =L29*M28 -> #DIV/0!
C30: TOTAL VALOR INTERVENTORIA DE REFERENCIA | J30: =ROUND(J28+J29,0) -> 11768218 | K30: TOTAL VALOR INTERVENTORIA OFERTADO | M30: =M28+M29 -> #DIV/0!
C32: INTERVENTORÍA TÉCNICA, ADMINISTRATIVA, LEGAL, AMBIENTAL Y FINANCIERA PARA LAS OBRAS PRODUCTO DEL CONTRATO DE OBRA CUYO OBJETO ES “CONTRATAR BAJO EL SISTEMA DE PRECIOS UNITARIOS FIJOS SIN FÓRMULA DE REAJUSTE DE LA ADECUACIÓN Y MANTENIMIENTO DE LA SEDE DE LA REGISTRADURÍA MUNICIPAL DE PESCA (BOYACÁ)
C33: Ítem | D33: DESCRIPCIÓN | E33: UND | F33: DEDICACION | G33: Sueldo y/o valor de referencia | H33: FP de referencia | I33: Cant. | J33: VALOR TOTAL | K33: Sueldo y/o valor OFERTADO | L33: FP OFERTADO | M33: VALOR OFERTADO en pesos
C34: 1 | D34: PERSONAL PROFESIONAL OBLIGATORIO
C35: 1.1 | D35: Director de Interventoria | E35: mes | F35: 0.016 | G35: 4000000 | H35: 1.53 | I35: 3 | J35: =ROUND(F35*G35*H35*I35,0) -> 293760 | K35: =K7 -> 0 | L35: ='FP 1'!F43 -> #DIV/0! | M35: =ROUND(F35*K35*L35*I35,0) -> #DIV/0!
C36: 1.2 | D36: Ingeniero o Arquitecto Residente de interventoría | E36: mes | F36: 0.3 | G36: 2300000 | H36: 1.66 | I36: 3 | J36: =ROUND(F36*G36*H36*I36,0) -> 3436200 | K36: =K8 -> 0 | L36: ='FP 1'!L43 -> #DIV/0! | M36: =ROUND(F36*K36*L36*I36,0) -> #DIV/0!
C37: 2 | D37: COSTOS ADMINISTRATIVOS NO FACTURABLES | E37: gbl | G37: 395619 | I37: 1 | J37: =ROUND(G37*I37,0) -> 395619 | M37: =ROUND(I37*K37,0) -> 0
C38: 3 | D38: Gastos De Legalización | E38: gbl | G38: 1009487 | I38: 1 | J38: =ROUND(G38*I38,0) -> 1009487 | M38: =ROUND(I38*K38,0) -> 0
C39: 4 | D39: Pólizas | E39: gbl | G39: 40056 | I39: 1 | J39: =ROUND(G39*I39,0) -> 40056 | M39: =ROUND(I39*K39,0) -> 0
C40: 5 | D40: IMPREVISTOS (Calculados sobre la suma de 1+2) | H40: 0.01 | J40: =ROUND(H40*(J35+J36+J37),0) -> 41256 | K40: IIMPREVISTOS (Calculados sobre la suma de 1+2) | M40: =ROUND(L40*(M35+M36+M37),0) -> #DIV/0!
C41: 6 | D41: HONORARIOS (Calculados sobre la suma de 1+2+3+4) | H41: 0.06 | J41: =ROUND(H41*(J35+J36+J37+J38+J39),0) -> 310507 | K41: HONORARIOS (Calculados sobre la suma de 1+2+3+4) | M41: =ROUND(L41*(M35+M36+M37+M38+M39),0) -> #DIV/0!
C42: SUBTOTAL | J42: =ROUND(SUM(J35:J41),0) -> 5526885 | K42: SUBTOTAL | M42: =SUM(M35:M41) -> #DIV/0!
C43: IVA | I43: 0.19 | J43: =ROUND(I43*J42,0) -> 1050108 | K43: IVA | M43: =L43*M42 -> #DIV/0!
C44: TOTAL VALOR INTERVENTORIA DE REFERENCIA | J44: =ROUND(J42+J43,0) -> 6576993 | K44: TOTAL VALOR INTERVENTORIA OFERTADO | M44: =M42+M43 -> #DIV/0!
C46: INTERVENTORÍA TÉCNICA, ADMINISTRATIVA, LEGAL, AMBIENTAL Y FINANCIERA PARA LAS OBRAS PRODUCTO DEL CONTRATO DE OBRA CUYO OBJETO ES “CONTRATAR BAJO EL SISTEMA DE PRECIOS UNITARIOS FIJOS SIN FÓRMULA DE REAJUSTE DE LA ADECUACIÓN Y MANTENIMIENTO DE LA SEDE DE LA REGISTRADURÍA MUNICIPAL DE ANOLAIMA (CUNDINAMARCA)
C47: Ítem | D47: DESCRIPCIÓN | E47: UND | F47: DEDICACION | G47: Sueldo y/o valor de referencia | H47: FP de referencia | I47: Cant. | J47: VALOR TOTAL | K47: Sueldo y/o valor OFERTADO | L47: FP OFERTADO | M47: VALOR OFERTADO en pesos
C48: 1 | D48: PERSONAL PROFESIONAL OBLIGATORIO
C49: 1.1 | D49: Director de Interventoria | E49: mes | F49: 0.036 | G49: 4000000 | H49: 1.53 | I49: 3 | J49: =ROUND(F49*G49*H49*I49,0) -> 660960 | K49: =K7 -> 0 | L49: ='FP 1'!F43 -> #DIV/0! | M49: =ROUND(F49*K49*L49*I49,0) -> #DIV/0!
C50: 1.2 | D50: Ingeniero o Arquitecto Residente de interventoría | E50: mes | F50: 0.5 | G50: 2300000 | H50: 1.66 | I50: 3 | J50: =ROUND(F50*G50*H50*I50,0) -> 5727000 | L50: ='FP 1'!N43 -> #DIV/0! | M50: =ROUND(F50*K50*L50*I50,0) -> #DIV/0!
C51: 2 | D51: COSTOS ADMINISTRATIVOS NO FACTURABLES | E51: gbl | G51: 732000 | I51: 1 | J51: =ROUND(G51*I51,0) -> 732000 | M51: =ROUND(I51*K51,0) -> 0
C52: 3 | D52: Gastos De Legalización | E52: gbl | G52: 1867820 | I52: 1 | J52: =ROUND(G52*I52,0) -> 1867820 | M52: =ROUND(I52*K52,0) -> 0
C53: 4 | D53: Pólizas | E53: gbl | G53: 74115 | I53: 1 | J53: =ROUND(G53*I53,0) -> 74115 | M53: =ROUND(I53*K53,0) -> 0
C54: 5 | D54: IMPREVISTOS (Calculados sobre la suma de 1+2) | H54: 0.01 | J54: =ROUND(H54*(J49+J50+J51),0) -> 71200 | K54: IIMPREVISTOS (Calculados sobre la suma de 1+2) | M54: =ROUND(L54*(M49+M50+M51),0) -> #DIV/0!
C55: 6 | D55: HONORARIOS (Calculados sobre la suma de 1+2+3+4) | H55: 0.06 | J55: =ROUND(H55*(J49+J50+J51+J52+J53),0) -> 543714 | K55: HONORARIOS (Calculados sobre la suma de 1+2+3+4) | M55: =ROUND(L55*(M49+M50+M51+M52+M53),0) -> #DIV/0!
C56: SUBTOTAL | J56: =ROUND(SUM(J49:J55),0) -> 9676809 | K56: SUBTOTAL | M56: =SUM(M49:M55) -> #DIV/0!
C57: IVA | I57: 0.19 | J57: =ROUND(I57*J56,0) -> 1838594 | K57: IVA | M57: =L57*M56 -> #DIV/0!
C58: TOTAL VALOR INTERVENTORIA DE REFERENCIA | J58: =ROUND(J56+J57,0) -> 11515403 | K58: TOTAL VALOR INTERVENTORIA OFERTADO | M58: =M56+M57 -> #DIV/0!
C60: INTERVENTORÍA TÉCNICA, ADMINISTRATIVA, LEGAL, AMBIENTAL Y FINANCIERA PARA LAS OBRAS PRODUCTO DEL CONTRATO DE OBRA CUYO OBJETO ES “CONTRATAR BAJO EL SISTEMA DE PRECIOS UNITARIOS FIJOS SIN FÓRMULA DE REAJUSTE DE LA ADECUACIÓN Y MANTENIMIENTO DE LA SEDE DE LA REGISTRADURÍA MUNICIPAL DE LENGUAZAQUE (CUNDINAMARCA)
C61: Ítem | D61: DESCRIPCIÓN | E61: UND | F61: DEDICACION | G61: Sueldo y/o valor de referencia | H61: FP de referencia | I61: Cant. | J61: VALOR TOTAL | K61: Sueldo y/o valor OFERTADO | L61: FP OFERTADO | M61: VALOR OFERTADO en pesos
C62: 1 | D62: PERSONAL PROFESIONAL OBLIGATORIO
C63: 1.1 | D63: Director de Interventoria | E63: mes | F63: 0.032 | G63: 4000000 | H63: 1.53 | I63: 3 | J63: =ROUND(F63*G63*H63*I63,0) -> 587520 | K63: =K7 -> 0 | L63: ='FP 1'!F43 -> #DIV/0! | M63: =ROUND(F63*K63*L63*I63,0) -> #DIV/0!
C64: 1.2 | D64: Ingeniero o Arquitecto Residente de interventoría | E64: mes | F64: 0.5 | G64: 2300000 | H64: 1.66 | I64: 3 | J64: =ROUND(F64*G64*H64*I64,0) -> 5727000 | K64: =K22 -> 0 | L64: ='FP 1'!P43 -> #DIV/0! | M64: =ROUND(F64*K64*L64*I64,0) -> #DIV/0!
C65: 2 | D65: COSTOS ADMINISTRATIVOS NO FACTURABLES | E65: gbl | G65: 726000 | I65: 1 | J65: =ROUND(G65*I65,0) -> 726000 | M65: =ROUND(I65*K65,0) -> 0
C66: 3 | D66: Gastos De Legalización | E66: gbl | G66: 1852510 | I66: 1 | J66: =ROUND(G66*I66,0) -> 1852510 | M66: =ROUND(I66*K66,0) -> 0
C67: 4 | D67: Pólizas | E67: gbl | G67: 73508 | I67: 1 | J67: =ROUND(G67*I67,0) -> 73508 | M67: =ROUND(I67*K67,0) -> 0
C68: 5 | D68: IMPREVISTOS (Calculados sobre la suma de 1+2) | H68: 0.01 | J68: =ROUND(H68*(J63+J64+J65),0) -> 70405 | K68: IIMPREVISTOS (Calculados sobre la suma de 1+2) | M68: =ROUND(L68*(M63+M64+M65),0) -> #DIV/0!
C69: 6 | D69: HONORARIOS (Calculados sobre la suma de 1+2+3+4) | H69: 0.06 | J69: =ROUND(H69*(J63+J64+J65+J66+J67),0) -> 537992 | K69: HONORARIOS (Calculados sobre la suma de 1+2+3+4) | M69: =ROUND(L69*(M63+M64+M65+M66+M67),0) -> #DIV/0!
C70: SUBTOTAL | J70: =ROUND(SUM(J63:J69),0) -> 9574935 | K70: SUBTOTAL | M70: =SUM(M63:M69) -> #DIV/0!
C71: IVA | I71: 0.19 | J71: =ROUND(I71*J70,0) -> 1819238 | K71: IVA | M71: =L71*M70 -> #DIV/0!
C72: TOTAL VALOR INTERVENTORIA DE REFERENCIA | J72: =ROUND(J70+J71,0) -> 11394173 | K72: TOTAL VALOR INTERVENTORIA OFERTADO | M72: =M70+M71 -> #DIV/0!
C74: INTERVENTORÍA TÉCNICA, ADMINISTRATIVA, LEGAL, AMBIENTAL Y FINANCIERA PARA LAS OBRAS PRODUCTO DEL CONTRATO DE OBRA CUYO OBJETO ES “CONTRATAR BAJO EL SISTEMA DE PRECIOS UNITARIOS FIJOS SIN FÓRMULA DE REAJUSTE DE LA ADECUACIÓN Y MANTENIMIENTO DE LA SEDE DE LA REGISTRADURÍA MUNICIPAL DE ZIPAQUIRÁ (CUNDINAMARCA)
C75: Ítem | D75: DESCRIPCIÓN | E75: UND | F75: DEDICACION | G75: Sueldo y/o valor de referencia | H75: FP de referencia | I75: Cant. | J75: VALOR TOTAL | K75: Sueldo y/o valor OFERTADO | L75: FP OFERTADO | M75: VALOR OFERTADO en pesos
C76: 1 | D76: PERSONAL PROFESIONAL OBLIGATORIO
C77: 1.1 | D77: Director de Interventoria | E77: mes | F77: 0.1 | G77: 4000000 | H77: 1.53 | I77: 3 | J77: =ROUND(F77*G77*H77*I77,0) -> 1836000 | K77: =K7 -> 0 | L77: ='FP 1'!F43 -> #DIV/0! | M77: =ROUND(F77*K77*L77*I77,0) -> #DIV/0!
C78: 1.2 | D78: Ingeniero o Arquitecto Residente de interventoría | E78: mes | F78: 1 | G78: 2200000 | H78: 1.67 | I78: 3 | J78: =ROUND(F78*G78*H78*I78,0) -> 11022000 | L78: ='FP 1'!R43 -> #DIV/0! | M78: =ROUND(F78*K78*L78*I78,0) -> #DIV/0!
C79: 2 | D79: COSTOS ADMINISTRATIVOS NO FACTURABLES | E79: gbl | G79: 1092000 | I79: 1 | J79: =ROUND(G79*I79,0) -> 1092000 | M79: =ROUND(I79*K79,0) -> 0
C80: 3 | D80: Gastos De Legalización | E80: gbl | G80: 3215100 | I80: 1 | J80: =ROUND(G80*I80,0) -> 3215100 | M80: =ROUND(I80*K80,0) -> 0
C81: 4 | D81: Pólizas | E81: gbl | G81: 127575 | I81: 1 | J81: =ROUND(G81*I81,0) -> 127575 | M81: =ROUND(I81*K81,0) -> 0
C82: 5 | D82: IMPREVISTOS (Calculados sobre la suma de 1+2) | H82: 0.01 | J82: =ROUND(H82*(J77+J78+J79),0) -> 139500 | K82: IIMPREVISTOS (Calculados sobre la suma de 1+2) | M82: =ROUND(L82*(M77+M78+M79),0) -> #DIV/0!
C83: 6 | D83: HONORARIOS (Calculados sobre la suma de 1+2+3+4) | H83: 0.06 | J83: =ROUND(H83*(J77+J78+J79+J80+J81),0) -> 1037561 | K83: HONORARIOS (Calculados sobre la suma de 1+2+3+4) | M83: =ROUND(L83*(M77+M78+M79+M80+M81),0) -> #DIV/0!
C84: SUBTOTAL | J84: =ROUND(SUM(J77:J83),0) -> 18469736 | K84: SUBTOTAL | M84: =SUM(M77:M83) -> #DIV/0!
C85: IVA | I85: 0.19 | J85: =ROUND(I85*J84,0) -> 3509250 | K85: IVA | M85: =L85*M84 -> #DIV/0!
C86: TOTAL VALOR INTERVENTORIA DE REFERENCIA | J86: =ROUND(J84+J85,0) -> 21978986 | K86: TOTAL VALOR INTERVENTORIA OFERTADO | M86: =M84+M85 -> #DIV/0!
C88: INTERVENTORÍA TÉCNICA, ADMINISTRATIVA, LEGAL, AMBIENTAL Y FINANCIERA PARA LAS OBRAS PRODUCTO DEL CONTRATO DE OBRA CUYO OBJETO ES “CONTRATAR BAJO EL SISTEMA DE PRECIOS UNITARIOS FIJOS SIN FÓRMULA DE REAJUSTE DE LA ADECUACIÓN Y MANTENIMIENTO DE LA SEDE DE LA REGISTRADURÍA MUNICIPAL DE MADRID (CUNDINAMARCA)
C89: Ítem | D89: DESCRIPCIÓN | E89: UND | F89: DEDICACION | G89: Sueldo y/o valor de referencia | H89: FP de referencia | I89: Cant. | J89: VALOR TOTAL | K89: Sueldo y/o valor OFERTADO | L89: FP OFERTADO | M89: VALOR OFERTADO en pesos
C90: 1 | D90: PERSONAL PROFESIONAL OBLIGATORIO
C91: 1.1 | D91: Director de Interventoria | E91: mes | F91: 0.04 | G91: 4000000 | H91: 1.53 | I91: 3 | J91: =ROUND(F91*G91*H91*I91,0) -> 734400 | K91: =K7 -> 0 | L91: ='FP 1'!F43 -> #DIV/0! | M91: =ROUND(F91*K91*L91*I91,0) -> #DIV/0!
C92: 1.2 | D92: Ingeniero o Arquitecto Residente de interventoría | E92: mes | F92: 0.5 | G92: 2300000 | H92: 1.66 | I92: 3 | J92: =ROUND(F92*G92*H92*I92,0) -> 5727000 | K92: =K50 -> 0 | L92: ='FP 1'!T43 -> #DIV/0! | M92: =ROUND(F92*K92*L92*I92,0) -> #DIV/0!
C93: 2 | D93: COSTOS ADMINISTRATIVOS NO FACTURABLES | E93: gbl | G93: 960000 | I93: 1 | J93: =ROUND(G93*I93,0) -> 960000 | M93: =ROUND(I93*K93,0) -> 0
C94: 3 | D94: Gastos De Legalización | E94: gbl | G94: 2449600 | I94: 1 | J94: =ROUND(G94*I94,0) -> 2449600 | M94: =ROUND(I94*K94,0) -> 0
C95: 4 | D95: Pólizas | E95: gbl | G95: 97200 | I95: 1 | J95: =ROUND(G95*I95,0) -> 97200 | M95: =ROUND(I95*K95,0) -> 0
C96: 5 | D96: IMPREVISTOS (Calculados sobre la suma de 1+2) | H96: 0.01 | J96: =ROUND(H96*(J91+J92+J93),0) -> 74214 | K96: IIMPREVISTOS (Calculados sobre la suma de 1+2) | M96: =ROUND(L96*(M91+M92+M93),0) -> #DIV/0!
C97: 6 | D97: HONORARIOS (Calculados sobre la suma de 1+2+3+4) | H97: 0.06 | J97: =ROUND(H97*(J91+J92+J93+J94+J95),0) -> 598092 | K97: HONORARIOS (Calculados sobre la suma de 1+2+3+4) | M97: =ROUND(L97*(M91+M92+M93+M94+M95),0) -> #DIV/0!
C98: SUBTOTAL | J98: =ROUND(SUM(J91:J97),0) -> 10640506 | K98: SUBTOTAL | M98: =SUM(M91:M97) -> #DIV/0!
C99: IVA | I99: 0.19 | J99: =ROUND(I99*J98,0) -> 2021696 | K99: IVA | M99: =L99*M98 -> #DIV/0!
C100: TOTAL VALOR INTERVENTORIA DE REFERENCIA | J100: =ROUND(J98+J99,0) -> 12662202 | K100: TOTAL VALOR INTERVENTORIA OFERTADO | M100: =M98+M99 -> #DIV/0!
C102: INTERVENTORÍA TÉCNICA, ADMINISTRATIVA, LEGAL, AMBIENTAL Y FINANCIERA PARA LAS OBRAS PRODUCTO DEL CONTRATO DE OBRA CUYO OBJETO ES “CONTRATAR BAJO EL SISTEMA DE PRECIOS UNITARIOS FIJOS SIN FÓRMULA DE REAJUSTE DE LA ADECUACIÓN Y MANTENIMIENTO DE LA SEDE DE LA REGISTRADURÍA DISTRITAL DE BOGOTÁ D.C (EDIFICIO CÓRDOBA)
C103: Ítem | D103: DESCRIPCIÓN | E103: UND | F103: DEDICACION | G103: Sueldo y/o valor de referencia | H103: FP de referencia | I103: Cant. | J103: VALOR DE REFERENCIA | K103: Sueldo y/o valor OFERTADO | L103: FP OFERTADO | M103: VALOR OFERTADO en pesos
C104: 1 | D104: PERSONAL PROFESIONAL OBLIGATORIO
C105: 1.1 | D105: Director de Interventoria | E105: mes | F105: 0.096 | G105: 4000000 | H105: 1.53 | I105: 3 | J105: =ROUND(F105*G105*H105*I105,0) -> 1762560 | K105: =K7 -> 0 | L105: ='FP 1'!F43 -> #DIV/0! | M105: =ROUND(F105*K105*L105*I105,0) -> #DIV/0!
C106: 1.2 | D106: Ingeniero o Arquitecto Residente de interventoría | E106: mes | F106: 1 | G106: 2200000 | H106: 1.67 | I106: 3 | J106: =ROUND(F106*G106*H106*I106,0) -> 11022000 | L106: ='FP 1'!V43 -> #DIV/0! | M106: =ROUND(F106*K106*L106*I106,0) -> #DIV/0!
C107: 2 | D107: COSTOS ADMINISTRATIVOS NO FACTURABLES | E107: gbl | G107: 1071000 | I107: 1 | J107: =ROUND(G107*I107,0) -> 1071000 | M107: =ROUND(I107*K107,0) -> 0
C108: 3 | D108: Gastos De Legalización | E108: gbl | G108: 3215100 | I108: 1 | J108: =ROUND(G108*I108,0) -> 3215100 | M108: =ROUND(I108*K108,0) -> 0
C109: 4 | D109: Pólizas | E109: gbl | G109: 127575 | I109: 1 | J109: =ROUND(G109*I109,0) -> 127575 | M109: =ROUND(I109*K109,0) -> 0
...

Sheet FP 1
B1: CALCULO DE FACTOR PRESTACIONAL
B4: SALARIO MINIMO | E4: 1750905 | F4: AÑO
B5: SUBSIDIO DE TRANSPORTE | E5: =2000000-E4 -> 249095 | F5: 2026
B8: CARGO | C8: DIRECTOR DE OBRA | E8: DIRECTOR DE INTERVENTORIA | G8: RESIDENTE DE OBRA 1 BELÉN | I8: RESIDENTE DE OBRA 2 CHIQUINQUIRÁ | K8: RESIDENTE DE OBRA 3 PESCA | M8: RESIDENTE DE OBRA ANOLAIMA | O8: RESIDENTE DE OBRA 5 LENGUAZAQUE | Q8: RESIDENTE DE OBRA 6 ZIPAQUIRÁ | S8: RESIDENTE DE OBRA 7 MADRID | U8: RESIDENTE DE OBRA 8 ED CORDOBA
C9: VALOR | D9: % | E9: VALOR | F9: % | G9: VALOR | H9: % | I9: VALOR | J9: % | K9: VALOR | L9: % | M9: VALOR | N9: % | O9: VALOR | P9: % | Q9: VALOR | R9: % | S9: VALOR | T9: % | U9: VALOR | V9: %
B10: SALARIO AÑO 2026
B11: SALARIO BASE MES | C11: 6200000 | E11: =Hoja1!K21 -> 0 | G11: =Hoja1!K8 -> 0 | I11: =Hoja1!K22 -> 0 | K11: =Hoja1!K36 -> 0 | M11: =Hoja1!K50 -> 0 | O11: =Hoja1!K64 -> 0 | Q11: =Hoja1!K78 -> 0 | S11: =Hoja1!K92 -> 0 | U11: =Hoja1!K106 -> 0
B12: No. DE SALARIOS | C12: =+C11/$E$4 -> 3.5410259 | E12: =+E11/$E$4 -> 0 | G12: =+G11/$E$4 -> 0 | I12: =+I11/$E$4 -> 0 | K12: =+K11/$E$4 -> 0 | M12: =+M11/$E$4 -> 0 | O12: =+O11/$E$4 -> 0 | Q12: =+Q11/$E$4 -> 0 | S12: =+S11/$E$4 -> 0 | U12: =+U11/$E$4 -> 0
B13: SALARIO BASE AÑO | C13: =12*C11 -> 74400000 | D13: 1 | E13: =12*E11 -> 0 | F13: 1 | G13: =12*G11 -> 0 | H13: 1 | I13: =12*I11 -> 0 | J13: 1 | K13: =12*K11 -> 0 | L13: 1 | M13: =12*M11 -> 0 | N13: 1 | O13: =12*O11 -> 0 | P13: 1 | Q13: =12*Q11 -> 0 | R13: 1 | S13: =12*S11 -> 0 | T13: 1 | U13: =12*U11 -> 0 | V13: 1
C15: VALORES ANUALES | D15: % ANUALES | E15: VALORES ANUALES | F15: % ANUALES | G15: VALORES ANUALES | H15: % ANUALES | I15: VALORES ANUALES | J15: % ANUALES | K15: VALORES ANUALES | L15: % ANUALES | M15: VALORES ANUALES | N15: % ANUALES | O15: VALORES ANUALES | P15: % ANUALES | Q15: VALORES ANUALES | R15: % ANUALES | S15: VALORES ANUALES | T15: % ANUALES | U15: VALORES ANUALES | V15: % ANUALES
B16: SUBSIDIO DE TRANSPORTE (MES) | C16: =IF(C12<=2,$E$5,0) -> 0 | E16: =IF(E12<=2,$E$5,0) -> 249095 | G16: =IF(G12<=2,$E$5,0) -> 249095 | I16: =IF(I12<=2,$E$5,0) -> 249095 | K16: =IF(K12<=2,$E$5,0) -> 249095 | M16: =IF(M12<=2,$E$5,0) -> 249095 | O16: =IF(O12<=2,$E$5,0) -> 249095 | Q16: =IF(Q12<=2,$E$5,0) -> 249095 | S16: =IF(S12<=2,$E$5,0) -> 249095 | U16: =IF(U12<=2,$E$5,0) -> 249095
B18: SUBSIDIO DE TRANSPORTE
B19: SUBSIDIO DE TRANSPORTE (ANUAL) | C19: =12*C16 -> 0 | D19: =+C19/C13 -> 0 | E19: =12*E16 -> 2989140 | F19: =+E19/E13 -> #DIV/0! | G19: =12*G16 -> 2989140 | H19: =+G19/G13 -> #DIV/0! | I19: =12*I16 -> 2989140 | J19: =+I19/I13 -> #DIV/0! | K19: =12*K16 -> 2989140 | L19: =+K19/K13 -> #DIV/0! | M19: =12*M16 -> 2989140 | N19: =+M19/M13 -> #DIV/0! | O19: =12*O16 -> 2989140 | P19: =+O19/O13 -> #DIV/0! | Q19: =12*Q16 -> 2989140 | R19: =+Q19/Q13 -> #DIV/0! | S19: =12*S16 -> 2989140 | T19: =+S19/S13 -> #DIV/0! | U19: =12*U16 -> 2989140 | V19: =+U19/U13 -> #DIV/0!
B21: PRESTACIONES SOCIALES
B22: CESANTIAS ANUALES | C22: =+(C13+C19)*30/360 -> 6200000 | D22: =+C22/C13 -> 0.083333333 | E22: =+(E13+E19)*30/360 -> 249095 | F22: =+E22/E13 -> #DIV/0! | G22: =+(G13+G19)*30/360 -> 249095 | H22: =+G22/G13 -> #DIV/0! | I22: =+(I13+I19)*30/360 -> 249095 | J22: =+I22/I13 -> #DIV/0! | K22: =+(K13+K19)*30/360 -> 249095 | L22: =+K22/K13 -> #DIV/0! | M22: =+(M13+M19)*30/360 -> 249095 | N22: =+M22/M13 -> #DIV/0! | O22: =+(O13+O19)*30/360 -> 249095 | P22: =+O22/O13 -> #DIV/0! | Q22: =+(Q13+Q19)*30/360 -> 249095 | R22: =+Q22/Q13 -> #DIV/0! | S22: =+(S13+S19)*30/360 -> 249095 | T22: =+S22/S13 -> #DIV/0! | U22: =+(U13+U19)*30/360 -> 249095 | V22: =+U22/U13 -> #DIV/0!
B23: INTERESES DE CESANTIAS | C23: =0.12*C22 -> 744000 | D23: =+C23/C13 -> 0.01 | E23: =0.12*E22 -> 29891.4 | F23: =+E23/E13 -> #DIV/0! | G23: =0.12*G22 -> 29891.4 | H23: =+G23/G13 -> #DIV/0! | I23: =0.12*I22 -> 29891.4 | J23: =+I23/I13 -> #DIV/0! | K23: =0.12*K22 -> 29891.4 | L23: =+K23/K13 -> #DIV/0! | M23: =0.12*M22 -> 29891.4 | N23: =+M23/M13 -> #DIV/0! | O23: =0.12*O22 -> 29891.4 | P23: =+O23/O13 -> #DIV/0! | Q23: =0.12*Q22 -> 29891.4 | R23: =+Q23/Q13 -> #DIV/0! | S23: =0.12*S22 -> 29891.4 | T23: =+S23/S13 -> #DIV/0! | U23: =0.12*U22 -> 29891.4 | V23: =+U23/U13 -> #DIV/0!
B24: PRIMA | C24: =30*C13/360 -> 6200000 | D24: =C24/C13 -> 0.083333333 | E24: =30*(E13+E19)/360 -> 249095 | F24: =+E24/E13 -> #DIV/0! | G24: =30*(G13+G19)/360 -> 249095 | H24: =+G24/G13 -> #DIV/0! | I24: =30*(I13+I19)/360 -> 249095 | J24: =+I24/I13 -> #DIV/0! | K24: =30*(K13+K19)/360 -> 249095 | L24: =+K24/K13 -> #DIV/0! | M24: =30*(M13+M19)/360 -> 249095 | N24: =+M24/M13 -> #DIV/0! | O24: =30*(O13+O19)/360 -> 249095 | P24: =+O24/O13 -> #DIV/0! | Q24: =30*(Q13+Q19)/360 -> 249095 | R24: =+Q24/Q13 -> #DIV/0! | S24: =30*(S13+S19)/360 -> 249095 | T24: =+S24/S13 -> #DIV/0! | U24: =30*(U13+U19)/360 -> 249095 | V24: =+U24/U13 -> #DIV/0!
B25: VACACIONES REMUNERADAS - 15 DIAS HABILES | C25: =15*C11/30 -> 3100000 | D25: =+C25/C13 -> 0.041666667 | E25: =15*E11/30 -> 0 | F25: =+E25/E13 -> #DIV/0! | G25: =15*G11/30 -> 0 | H25: =+G25/G13 -> #DIV/0! | I25: =15*I11/30 -> 0 | J25: =+I25/I13 -> #DIV/0! | K25: =15*K11/30 -> 0 | L25: =+K25/K13 -> #DIV/0! | M25: =15*M11/30 -> 0 | N25: =+M25/M13 -> #DIV/0! | O25: =15*O11/30 -> 0 | P25: =+O25/O13 -> #DIV/0! | Q25: =15*Q11/30 -> 0 | R25: =+Q25/Q13 -> #DIV/0! | S25: =15*S11/30 -> 0 | T25: =+S25/S13 -> #DIV/0! | U25: =15*U11/30 -> 0 | V25: =+U25/U13 -> #DIV/0!
B27: SEGURIDAD SOCIAL
B28: SALUD (ARTICULO 10, LEY 1122 DEL 2007 Y ARTICULO 25 LEY 1607 DEL 2012) | C28: =+D28*C13 -> 6324000 | D28: 0.085 | E28: =+F28*E13 -> 0 | F28: 0.085 | G28: =+H28*G13 -> 0 | H28: 0.085 | I28: =+J28*I13 -> 0 | J28: 0.085 | K28: =+L28*K13 -> 0 | L28: 0.085 | M28: =+N28*M13 -> 0 | N28: 0.085 | O28: =+P28*O13 -> 0 | P28: 0.085 | Q28: =+R28*Q13 -> 0 | R28: 0.085 | S28: =+T28*S13 -> 0 | T28: 0.085 | U28: =+V28*U13 -> 0 | V28: 0.085
B29: PENSIONES (LEY 797 DE 2003, ARTICULO 7 Y DECRETO 4982 DE 2007) | C29: =+D29*C13 -> 8928000 | D29: 0.12 | E29: =+F29*E13 -> 0 | F29: 0.12 | G29: =+H29*G13 -> 0 | H29: 0.12 | I29: =+J29*I13 -> 0 | J29: 0.12 | K29: =+L29*K13 -> 0 | L29: 0.12 | M29: =+N29*M13 -> 0 | N29: 0.12 | O29: =+P29*O13 -> 0 | P29: 0.12 | Q29: =+R29*Q13 -> 0 | R29: 0.12 | S29: =+T29*S13 -> 0 | T29: 0.12 | U29: =+V29*U13 -> 0 | V29: 0.12
B30: RIESGOS PROFESIONALES ARL (DECRETO 1772 DE 1994 ARTICULO 13) | C30: =+D30*C13 -> 5178240 | D30: 0.0696 | E30: =+F30*E13 -> 0 | F30: 0.0696 | G30: =+H30*G13 -> 0 | H30: 0.0696 | I30: =+J30*I13 -> 0 | J30: 0.0696 | K30: =+L30*K13 -> 0 | L30: 0.0696 | M30: =+N30*M13 -> 0 | N30: 0.0696 | O30: =+P30*O13 -> 0 | P30: 0.0696 | Q30: =+R30*Q13 -> 0 | R30: 0.0696 | S30: =+T30*S13 -> 0 | T30: 0.0696 | U30: =+V30*U13 -> 0 | V30: 0.0696
B33: APORTES PARAFISCALES
B34: SENA-LEY 1607 DEL 2012 | C34: =+D34*C13 -> 0 | D34: 0 | E34: =+F34*E13 -> 0 | F34: 0 | G34: =+H34*G13 -> 0 | H34: 0 | I34: =+J34*I13 -> 0 | J34: 0 | K34: =+L34*K13 -> 0 | L34: 0 | M34: =+N34*M13 -> 0 | N34: 0 | O34: =+P34*O13 -> 0 | P34: 0 | Q34: =+R34*Q13 -> 0 | R34: 0 | S34: =+T34*S13 -> 0 | T34: 0 | U34: =+V34*U13 -> 0 | V34: 0
B35: ICBF-LEY 1607 DEL 2012 | C35: =+D35*C13 -> 0 | D35: 0 | E35: =+F35*E13 -> 0 | F35: 0 | G35: =+H35*G13 -> 0 | H35: 0 | I35: =+J35*I13 -> 0 | J35: 0 | K35: =+L35*K13 -> 0 | L35: 0 | M35: =+N35*M13 -> 0 | N35: 0 | O35: =+P35*O13 -> 0 | P35: 0 | Q35: =+R35*Q13 -> 0 | R35: 0 | S35: =+T35*S13 -> 0 | T35: 0 | U35: =+V35*U13 -> 0 | V35: 0
B36: CAJA DE COMPENSACION | C36: =IF(C12<=10,0.04*C13,0) -> 2976000 | D36: =+C36/C13 -> 0.04 | E36: =IF(E12<=10,0.04*E13,0) -> 0 | F36: =+E36/E13 -> #DIV/0! | G36: =IF(G12<=10,0.04*G13,0) -> 0 | H36: =+G36/G13 -> #DIV/0! | I36: =IF(I12<=10,0.04*I13,0) -> 0 | J36: =+I36/I13 -> #DIV/0! | K36: =IF(K12<=10,0.04*K13,0) -> 0 | L36: =+K36/K13 -> #DIV/0! | M36: =IF(M12<=10,0.04*M13,0) -> 0 | N36: =+M36/M13 -> #DIV/0! | O36: =IF(O12<=10,0.04*O13,0) -> 0 | P36: =+O36/O13 -> #DIV/0! | Q36: =IF(Q12<=10,0.04*Q13,0) -> 0 | R36: =+Q36/Q13 -> #DIV/0! | S36: =IF(S12<=10,0.04*S13,0) -> 0 | T36: =+S36/S13 -> #DIV/0! | U36: =IF(U12<=10,0.04*U13,0) -> 0 | V36: =+U36/U13 -> #DIV/0!
B39: DOMINICALES Y FESTIVOS REMUNERADOS
B40: RECARGOS NOCTURNOS (DURANTE 10 DE LAS 12 HORAS QUE LLEGA A TRABAJAR) | C40: =+D40*C13 -> 0 | D40: 0 | E40: =+F40*E13 -> 0 | F40: 0 | G40: =+H40*G13 -> 0 | H40: 0 | I40: =+J40*I13 -> 0 | J40: 0 | K40: =+L40*K13 -> 0 | L40: 0 | M40: =+N40*M13 -> 0 | N40: 0 | O40: =+P40*O13 -> 0 | P40: 0 | Q40: =+R40*Q13 -> 0 | R40: 0 | S40: =+T40*S13 -> 0 | T40: 0 | U40: =+V40*U13 -> 0 | V40: 0
B41: OTROS AUXILIOS EMPRESARIALES | C41: =D41*C13 -> 0 | D41: 0 | E41: =F41*E13 -> 0 | F41: 0 | G41: =H41*G13 -> 0 | H41: 0 | I41: =J41*I13 -> 0 | J41: 0 | K41: =L41*K13 -> 0 | L41: 0 | M41: =N41*M13 -> 0 | N41: 0 | O41: =P41*O13 -> 0 | P41: 0 | Q41: =R41*Q13 -> 0 | R41: 0 | S41: =T41*S13 -> 0 | T41: 0 | U41: =V41*U13 -> 0 | V41: 0
B42: TOTAL PRESTACIONES | C42: =SUM(C18:C41) -> 39650240 | D42: =ROUND(SUM(D19:D41),4) -> 0.5329 | E42: =SUM(E18:E41) -> 3517221.4 | F42: =ROUND(SUM(F19:F41),4) -> #DIV/0! | G42: =SUM(G18:G41) -> 3517221.4 | H42: =ROUND(SUM(H19:H41),4) -> #DIV/0! | I42: =SUM(I18:I41) -> 3517221.4 | J42: =ROUND(SUM(J19:J41),4) -> #DIV/0! | K42: =SUM(K18:K41) -> 3517221.4 | L42: =ROUND(SUM(L19:L41),4) -> #DIV/0! | M42: =SUM(M18:M41) -> 3517221.4 | N42: =ROUND(SUM(N19:N41),4) -> #DIV/0! | O42: =SUM(O18:O41) -> 3517221.4 | P42: =ROUND(SUM(P19:P41),4) -> #DIV/0! | Q42: =SUM(Q18:Q41) -> 3517221.4 | R42: =ROUND(SUM(R19:R41),4) -> #DIV/0! | S42: =SUM(S18:S41) -> 3517221.4 | T42: =ROUND(SUM(T19:T41),4) -> #DIV/0! | U42: =SUM(U18:U41) -> 3517221.4 | V42: =ROUND(SUM(V19:V41),4) -> #DIV/0!
B43: FACTOR PRESTACIONAL | D43: =1+D42 -> 1.5329 | F43: =ROUND(1+F42,2) -> #DIV/0! | H43: =ROUND(1+H42,2) -> #DIV/0! | J43: =ROUND(1+J42,2) -> #DIV/0! | L43: =ROUND(1+L42,2) -> #DIV/0! | N43: =ROUND(1+N42,2) -> #DIV/0! | P43: =ROUND(1+P42,2) -> #DIV/0! | R43: =ROUND(1+R42,2) -> #DIV/0! | T43: =ROUND(1+T42,2) -> #DIV/0! | V43: =ROUND(1+V42,2) -> #DIV/0!
B46: VALOR MES SIN FACTOR | C46: =+C13/12 -> 6200000 | E46: =+E13/12 -> 0 | G46: =+G13/12 -> 0 | I46: =+I13/12 -> 0 | K46: =+K13/12 -> 0 | M46: =+M13/12 -> 0 | O46: =+O13/12 -> 0 | Q46: =+Q13/12 -> 0 | S46: =+S13/12 -> 0 | U46: =+U13/12 -> 0
B47: VALOR DIA SIN FACTOR | C47: =+C46/30 -> 206666.67 | E47: =+E46/30 -> 0 | G47: =+G46/30 -> 0 | I47: =+I46/30 -> 0 | K47: =+K46/30 -> 0 | M47: =+M46/30 -> 0 | O47: =+O46/30 -> 0 | Q47: =+Q46/30 -> 0 | S47: =+S46/30 -> 0 | U47: =+U46/30 -> 0
B48: VALOR HORA SIN FACTOR | C48: =+C47/8 -> 25833.333 | E48: =+E47/8 -> 0 | G48: =+G47/8 -> 0 | I48: =+I47/8 -> 0 | K48: =+K47/8 -> 0 | M48: =+M47/8 -> 0 | O48: =+O47/8 -> 0 | Q48: =+Q47/8 -> 0 | S48: =+S47/8 -> 0 | U48: =+U47/8 -> 0
B49: VALOR MES CON FACTOR | C49: =+(C42+C13)/12 -> 9504186.7 | E49: =+(E42+E13)/12 -> 293101.78 | G49: =+(G42+G13)/12 -> 293101.78 | I49: =+(I42+I13)/12 -> 293101.78 | K49: =+(K42+K13)/12 -> 293101.78 | M49: =+(M42+M13)/12 -> 293101.78 | O49: =+(O42+O13)/12 -> 293101.78 | Q49: =+(Q42+Q13)/12 -> 293101.78 | S49: =+(S42+S13)/12 -> 293101.78 | U49: =+(U42+U13)/12 -> 293101.78
B50: VALOR DIA CON FACTOR | C50: =+C49/30 -> 316806.22 | E50: =+E49/30 -> 9770.0594 | G50: =+G49/30 -> 9770.0594 | I50: =+I49/30 -> 9770.0594 | K50: =+K49/30 -> 9770.0594 | M50: =+M49/30 -> 9770.0594 | O50: =+O49/30 -> 9770.0594 | Q50: =+Q49/30 -> 9770.0594 | S50: =+S49/30 -> 9770.0594 | U50: =+U49/30 -> 9770.0594
B51: VALOR HORA CON FACTOR | C51: =+C50/8 -> 39600.778 | E51: =+E50/8 -> 1221.2574 | G51: =+G50/8 -> 1221.2574 | I51: =+I50/8 -> 1221.2574 | K51: =+K50/8 -> 1221.2574 | M51: =+M50/8 -> 1221.2574 | O51: =+O50/8 -> 1221.2574 | Q51: =+Q50/8 -> 1221.2574 | S51: =+S50/8 -> 1221.2574 | U51: =+U50/8 -> 1221.2574
I59: 3800000
